Wizard Dude, neutral male human Wizard -------- |......| -------------- |......| -............| |......| |.....@...%..| ##.......| |............| # ---.---- ----.----|---- # #### ## # # # # # # ### ### # # # # ## ### # ------.- # # |....[.| #### # |......| -.----.-.-----#####...`...| |............|## ----|--- |..<...^......%# |............| -------------- Wizard Dude the Conjurer Experience level: 4 Strength: 10 Dexterity: 14 Constitution: 13 Intelligence: 18 Wisdom: 14 Charisma: 8 Health: 0(33) Energy: 29(34) Def: 4 Gold: 408 Moves: 1148 Dungeon seed: INPHGLYN_lliOVHV Game ID: Wizard Dude_1554399530 Your Inventory: Coins $ - 408 gold pieces Weapons a - a blessed +1 quarterstaff (weapon in hands) Armor e - an uncursed +0 cloak of magic resistance (being worn) q - a cursed +0 studded leather armor (being worn) Scrolls i - 3 uncursed scrolls of identify Spellbooks j - a blessed spellbook of force bolt k - an uncursed spellbook of magic missile p - an uncursed spellbook of remove curse Potions f - an uncursed potion of sickness g - an uncursed potion of monster detection h - 2 uncursed potions of water o - an uncursed potion of hallucination Rings c - an uncursed ring of warning (on right hand) d - an uncursed +1 ring of gain strength (on left hand) Wands b - a wand of create monster (0:15) n - a wand of make invisible (0:6) r - a wand of light (0:14) s - a wand of polymorph (0:5) Tools l - a magic marker (0:98) m - an uncursed blindfold t - a cursed tallow candle (0:200) u - an uncursed tin whistle Spells and supernatural/magical abilities: Name Level Category Fail Memory a - force bolt 1 attack 0% 95% m - magic missile 2 attack 0% 95% r - remove curse 3 clerical 85% 97% W - pray for help -- divine ? -- Your skills at the end: Fighting Skills Weapon Skills quarterstaff [Basic] Spellcasting Skills attack spells [Basic] enchantment spells [Basic] Final Attributes: You were devoutly aligned. You were magic-protected. You were warned. You are dead. Vanquished creatures: a small mimic a rock piercer a gnome lord a monkey a coyote a gnome zombie 4 jackals 2 foxes 2 sewer rats 2 grid bugs 8 lichens 4 newts 28 creatures vanquished. Voluntary challenges: You used a wielded weapon 27 times, starting on turn 2. You read items or engraved 11 times, starting on turn 237. You never genocided any monsters. You never polymorphed an object. You never changed form. You used no wishes. You never split a pudding. You wrote Elbereth's name 1 time, starting on turn 237. You never violated your personal moral code. Dungeon overview: The Dungeons of Doom: levels 1 to 4 Level 1 some fountains a long staircase Level 2 Level 3 a weapon shop Level 4 <- You were here History has recorded: On T:1 you entered the Dungeons of Doom to retrieve the Amulet of Yendor! On T:246 you reached level 2 of The Dungeons of Doom. On T:428 you advanced to experience level 2. On T:476 you reached level 3 of The Dungeons of Doom. On T:735 you advanced to experience level 3. On T:861 you reached level 4 of The Dungeons of Doom. On T:862 you advanced to experience level 4. Score breakdown: Gold: 408 ( 8884 points) Experience: 4 levels ( 9649 points) Exploration: 4 levels ( 8.70%) ( 7745 points) Discoveries: 3 items ( 1.04%) ( 3056 points) Valuables value: (no points given unless you survive) Artifact value: 0 ( 0 points) Variety of kills: 12 monsters ( 3.15%) ( 5324 points) Turncount: 1148 turns ( 0 points) Survival: died (score multiplied by 80%) Total score: 27726 Latest messages: Never mind. You hit the rock piercer. You miss the rock piercer. (2x) You hit the rock piercer! The rock piercer bites! You kill the rock piercer! s - a wand of polymorph. There are a few more objects here. t - a candle. u - a whistle. You don't have that object. This rock piercer corpse tastes terrible! You finish eating the rock piercer corpse. You shudder for a moment. You die... Final status: Goodbye Wizard Dude the Wizard, killed by a system shock... You died in The Dungeons of Doom on dungeon level 4 with 27726 points, and 408 pieces of gold, after 1148 moves. You were level 4 with a maximum of 33 hit points when you died.